 Seeded DCSS version 0.27.1-2-g3b301248ec (webtiles) character file.

Game seed: 14036611466628663890 (custom seed)

3285 donath the Grappler (level 10, -2/65 HPs)
             Began as an Octopode Abyssal Knight on Sept 28, 2021.
             Was a Priest of Lugonu.
             Slain by a gnoll (3 damage)
             ... on level 8 of the Dungeon on Sept 29, 2021.
             The game lasted 00:47:28 (10447 turns).

donath the Grappler (Octopode Abyssal Knight)      Turns: 10447, Time: 00:47:30

Health: -2/65      AC:  1    Str: 16    XL:     10   Next: 1%
Magic:  10/14      EV: 14    Int: 20    God:    Lugonu [***...]
Gold:   360        SH:  4    Dex: 11    Spells: 12/13 levels left

rFire    . . .     SeeInvis .   d - +2 whip (elec)
rCold    . . .     Faith    +   C - +0 buckler {rPois}
rNeg     . . .     Spirit   .   (helmet restricted)
rPois    +         Reflect  .   i - amulet of faith
rElec    .         Harm     .   g - ring "Wuts" {rCorr Str+3 Int+3}
rCorr    +         Rampage  .   (no ring)
Will     .....                  (no ring)
Stlth    +++++.....             (no ring)
HPRegen  0.20/turn              (no ring)
MPRegen  0.14/turn              (no ring)
                                (no ring)
                                (no ring)

@: about to teleport
A: almost no armour, amphibious, 8 rings, camouflage 1, gelatinous body 1,
(nimble swimmer 1), tentacles
a: Renounce Religion, Depart the Abyss, Bend Space, Banish


You were on level 8 of the Dungeon.
You worshipped Lugonu.
Lugonu was most pleased with you.
You visited 2 branches of the dungeon, and saw 9 of its levels.
You visited the Abyss 1 time.

You collected 360 gold pieces.

Inventory:

Hand Weapons
 b - a +0 shortbow
 c - a +2 dagger of speed
 d - a +2 whip of electrocution (weapon)
 l - a +4 flail
 y - a +0 trident of flaming
Missiles
 a - 243 stones
 e - 78 arrows
 h - 2 throwing nets
 s - 31 poisoned darts (quivered)
Armour
 C - a +0 buckler of poison resistance (worn)
Magical Staves
 A - a staff of earth
Jewellery
 g - the ring "Wuts" (left tentacle) {rCorr Str+3 Int+3}
   (You acquired it on level 2 of the Dungeon)

   [ring of resist corrosion]

   Str:       It affects your strength (+3).
   Int:       It affects your intelligence (+3).
   rCorr:     It protects you from acid and corrosion.
 i - an amulet of faith (around mantle)
 m - an amulet of guardian spirit
 n - a ring of ice
Wands
 f - a wand of paralysis (12)
 j - a wand of acid (3)
Scrolls
 k - 5 scrolls of identify
 p - a scroll of enchant armour {unknown}
 q - a scroll of brand weapon {unknown}
 t - a scroll of immolation
 u - 2 scrolls of noise {unknown}
 v - a scroll of magic mapping
 w - a scroll of enchant weapon {unknown}
 z - a scroll of vulnerability {unknown}
Potions
 o - a potion of curing


   Skills:
 * Level 4.9 Fighting
 - Level 2.0 Maces & Flails
 - Level 2.0 Throwing
 * Level 4.2 Dodging
 - Level 8.0 Stealth
 - Level 4.3 Shields
 + Level 8.1 Unarmed Combat
 - Level 2.2 Spellcasting
 - Level 6.0 Invocations


You had 12 spell levels left.
You knew the following spells:

 Your Spells              Type           Power      Damage    Failure   Level
a - Apportation           Tloc           4%         N/A       16%         1

Your spell library contained the following spells:

 Spells                   Type           Power      Damage    Failure   Level
 Inner Flame              Hex/Fire       2%         N/A       43%         3
 Summon Guardian Golem    Hex/Summ       2%         N/A       43%         3
 Cause Fear               Hex            1%         N/A       83%         4
 Orb of Destruction       Conj           1%         N/A       100%        7
 Spellforged Servitor     Conj/Summ      1%         N/A       100%        7
 Discord                  Hex            1%         N/A       100%        8


Dungeon Overview and Level Annotations

Branches:
Dungeon (8/15)             Temple (1/1) D:7
   Lair: D:8-11

Altars:
Cheibriados
Dithmenos
Elyvilon
Fedhas
Hepliaklqana
Kikubaaqudgha
Nemelex Xobeh
Okawaru
Qazlal
Ru
Sif Muna
Trog
Uskayaw
Vehumet
Wu Jian
Xom
Yredelemnul
The Shining One

Shops:
D:2 ?[(??   D:4 [

Annotations:
D:6 Sigmund
D:7 3 runed translucent doors, cahman's ghost, novice HOMo; vvl's ghost, novice DsFi
Abyss:1 Maggie


Innate Abilities, Weirdness & Mutations

You cannot wear most types of armour.
You are amphibious.
You can wear up to eight rings at the same time.
Your skin changes colour to match your surroundings (Stealth+).
Your rubbery body absorbs attacks. (AC +1, EV +1)
((You are camouflaged near water. (Stealth+)))
You have tentacles for arms and can constrict up to eight enemies at once.


Message History

You see here a potion of curing.
o - 2 potions of curing (gained 1)
The gnoll shaman calls upon its god to speed up the gnoll sergeant.
The gnoll sergeant seems to speed up.
The gnoll sergeant barely misses you.
The gnoll sergeant hits you from afar with a +1 spear of venom!
The gnoll shaman calls upon its god to speed up the gnoll.
The gnoll seems to speed up.
The gnoll shouts!
You hear a shout!
The gnoll sergeant hits you from afar with a +1 spear of venom.
You are poisoned.
You feel very sick.
You feel sick.
The gnoll sergeant hits you from afar with a +1 spear of venom!
* * * LOW HITPOINT WARNING * * *
You feel sick.
You feel sick.
Press: ? - help, Shift-Dir - straight line, f - gnoll sergeant, p - gnoll shaman
Aim: a gnoll sergeant, wielding a +1 spear of venom and wearing a +0 scale mail (fast, chance to affect: 84%)
You fail to use your ability.
You feel sick.
The gnoll sergeant hits you from afar with a +1 spear of venom.
* * * LOW HITPOINT WARNING * * *
You are lethally poisoned!
The gnoll sergeant closely misses you.
Okay, then.
You feel better.
The gnoll sergeant hits you from afar with a +1 spear of venom!
* * * LOW HITPOINT WARNING * * *
The gnoll sergeant misses you.
Press: ? - help, Shift-Dir - straight line, f/p - gnoll sergeant
Aim: a gnoll sergeant, wielding a +1 spear of venom and wearing a +0 scale mail (fast, chance to affect: 84%)
The gnoll sergeant barely resists.
The gnoll sergeant closely misses you.
Okay, then.
As you read the scroll of teleportation, it crumbles to dust.
You feel strangely unstable.
The gnoll sergeant hits you from afar with a +1 spear of venom.
* * * LOW HITPOINT WARNING * * *
You block the gnoll's attack. The gnoll sergeant closely misses you.
The gnoll hits you from afar with a +0 spear.
You die...

#.# #.....#
#.#.....#.#...... #.#
##.....##
#.#..........##.# #.#
#.......#
#.#...#.#.#..##.# #.#
#.......#
#.#.....#.#.....#
#.#####.#####.#
#.##..#.#.##.####
#.......#
#.###+##.g....##.#
#########
#......#.......#.#
#......#.gg......#
#...@..#.gg...g###
###.....g#.####......
#.......gg.# ######..
####....g.## #......#
#......# #......#
#......# #......#


You could see a gnoll sergeant (fast) and 3 gnolls.

Vanquished Creatures
  Pikel (D:4)
  A yak (D:7)
  A water moccasin (D:6)
  An ice beast (D:6)
  A black bear (D:5)
  2 ogres (D:5)
  4 centaurs
  A necrophage (D:2)
  3 lemures
  2 bullfrogs
  A scorpion (D:4)
  A water moccasin zombie (D:6)
  A vampire bat (D:3)
  A centaur zombie (D:6)
  A jelly (D:6)
  4 hounds
  2 gnoll shamans
  4 iguanas
  2 orc wizards
  A hound zombie (D:5)
  18 gnolls
  2 howler monkey skeletons
  6 adders
  A shadow imp (D:7)
  A white imp (Abyss:1)
  An ufetubus (D:5)
  A dart slug (D:4)
  19 orcs
  9 ball pythons
  4 bat skeletons (D:3)
  2 bat zombies (D:3)
  7 endoplasms
  A giant cockroach (D:1)
  11 goblins
  2 hobgoblins
  5 jackals (D:1)
  6 quokkas
  3 bats
  5 frilled lizards
  7 kobolds
  5 rats
  A bush (Temple)
152 creatures vanquished.

Vanquished Creatures (others)
  A fungus (D:1)
  2 starspawn tentacles (Abyss:1)
  6 withered plants (D:7)
9 creatures vanquished.

Grand Total: 161 creatures vanquished

Notes
Turn   | Place    | Note
-------+----------+-------------------------------------------
     0 | Abyss:1  | donath the Octopode Abyssal Knight began the quest for the
                  | Orb.
     0 | Abyss:1  | Reached XP level 1. HP: 16/16 MP: 2/2
    67 | Abyss:1  | Noticed a large abomination
    74 | Abyss:1  | Noticed a large abomination
    75 | Abyss:1  | Noticed a thrashing horror
   123 | Abyss:1  | Noticed an iron dragon zombie
   147 | Abyss:1  | Noticed a spatial vortex
   147 | Abyss:1  | Noticed a spatial vortex
   148 | Abyss:1  | Noticed a spatial vortex
   148 | Abyss:1  | Noticed a spatial vortex
   149 | Abyss:1  | Noticed a spatial vortex
   564 | Abyss:1  | Reached XP level 2. HP: 1/21 MP: 3/3
   565 | Abyss:1  | Noticed a sun demon
   726 | Abyss:1  | Noticed a freezing wraith
   831 | Abyss:1  | Noticed a storm dragon skeleton
   859 | Abyss:1  | Found a shimmering blue altar of Sif Muna.
   865 | Abyss:1  | Noticed a large abomination
   882 | Abyss:1  | Noticed an ancient zyme
   889 | Abyss:1  | Noticed a large abomination
   896 | Abyss:1  | Noticed a raiju
   904 | Abyss:1  | Noticed a tentacled starspawn
   908 | Abyss:1  | Noticed a thrashing horror
   910 | Abyss:1  | Noticed a yellow draconian zombie
   910 | Abyss:1  | Noticed a Hell Sentinel
   912 | D:1      | Escaped the Abyss
  1177 | D:1      | Reached * piety under Lugonu
  1402 | D:1      | Found a faded altar of an unknown god.
  1407 | D:1      | Got Plato's Volume of Displacement
  1411 | D:1      | Learned a level 1 spell: Apportation
  1434 | D:1      | Reached XP level 3. HP: 16/26 MP: 4/4
  2291 | D:2      | Noticed a necrophage
  2333 | D:2      | Found a snail-covered altar of Cheibriados.
  2341 | D:2      | Found Suuttis's Magic Scroll Shoppe.
  2402 | D:2      | Found Recukecasm's Magic Scroll Boutique.
  2438 | D:2      | Reached XP level 4. HP: 23/31 MP: 5/5
  2459 | D:2      | Found Kistea's Weapon Shop.
  2551 | D:2      | Found Ywoahe Xelo's Armour Shop.
  2566 | D:2      | Killed a necrophage
  2567 | D:2      | Reached XP level 5. HP: 32/36 MP: 6/6
  2674 | D:2      | Identified a scroll of acquirement
  2674 | D:2      | Acquired the ring "Wuts" {rCorr Str+3 Int+3}
  3001 | D:2      | Found Ciliuc's Magic Scroll Emporium.
  3300 | D:3      | Found a white marble altar of Elyvilon.
  3319 | D:3      | Reached ** piety under Lugonu
  3542 | D:3      | Found an ancient bone altar of Kikubaaqudgha.
  3555 | D:3      | Reached XP level 6. HP: 31/42 MP: 7/7
  3791 | D:3      | Found an ornate altar of the Wu Jian Council.
  3961 | D:4      | Noticed Pikel
  4425 | D:4      | HP: 1/42 [hound (3)]
  4430 | D:3      | HP: 1/63 [hound (2)]
  4795 | D:4      | Reached skill level 5 in Unarmed Combat
  4810 | D:4      | Reached skill level 5 in Stealth
  5083 | D:5      | Entered Level 5 of the Dungeon
  5089 | D:5      | Reached XP level 7. HP: 28/46 MP: 8/8
  6201 | D:5      | Found a shimmering blue altar of Sif Muna.
  6204 | D:5      | Reached *** piety under Lugonu
  6248 | D:5      | Reached XP level 8. HP: 41/54 MP: 9/9
  6506 | D:6      | Noticed Sigmund
  6737 | D:6      | Found a radiant altar of Vehumet.
  6800 | D:6      | HP: 1/54 [ice beast (11)]
  7144 | D:6      | Noticed Maggie
  7149 | D:6      | Banished Maggie
  7610 | D:6      | Reached skill level 1 in Spellcasting
  7610 | D:6      | Reached XP level 9. HP: 39/58 MP: 12/12
  8087 | D:7      | Found a stormy altar of Qazlal.
  8169 | D:7      | Noticed a brown ugly thing
  8177 | D:7      | Reached skill level 5 in Invocations
  8182 | D:7      | Banished a brown ugly thing
  8390 | D:7      | Found a staircase to the Ecumenical Temple.
  8397 | Temple   | Entered the Ecumenical Temple
  8846 | D:7      | Found a runed translucent gate.
  8846 | D:7      | Found a runed translucent gate.
  8846 | D:7      | Found a runed translucent gate.
  8847 | D:7      | Noticed cahman's ghost (novice HOMo)
  8848 | D:7      | Noticed vvl's ghost (novice DsFi)
  9019 | D:7      | Reached skill level 1 in Shields
  9323 | D:7      | Found a bloodstained altar of Trog.
  9616 | D:7      | Found a shadowy altar of Dithmenos.
  9775 | D:4      | Killed Pikel
 10169 | D:4      | Found Ducoqamm's Armour Boutique.
 10339 | D:8      | Reached XP level 10. HP: 52/65 MP: 14/14
 10447 | D:8      | HP: 1/65 [gnoll sergeant (6)]
 10447 | D:8      | Slain by a gnoll

Illustrated notes

Levels and vault maps discovered:
D:1:      elethiomel_arrival_infinity_welcomes_careful_drivers, layout_rooms,
          shapermc_ecumenical_altar_rom_forum, minmay_stone_trees_medium,
          minmay_misc_feat_five
D:2:      layout_loops_ring, basic_altar, serial_shops, shop, shop, shop, shop,
          shop, minmay_shallow_snake_nest
D:3:      layout_basic, nicolae_wu_jian_immortal_techniques,
          mainiacjoe_overflow_chevrons, kennysheep_vampire_church,
          hangedman_decor_diamond_cutter, kennysheep_generic_room_8
D:4:      layout_cave_pools, serial_shops, kennysheep_mini,
          minmay_misc_feat_plants, uniq_pikel
D:5:      layout_rooms, nicolae_sif_muna_little_library
D:6:      layout_basic, vehumet_crystals, chequers_serial_rivers_large_b,
          lemuel_flamethrower_2, uniq_sigmund, uniq_maggie
D:7:      layout_rooms, nicolae_qazlal_scattered_showers,
          mainiacjoe_overflow_swirl, minmay_temple_entry_butterflies,
          gammafunk_ghost_cemetery
D:8:      layout_basic, grunt_gozag_breadcrumbs
Temple:   cyrus_temple_forest

Skill      XL: |  1  2  3  4  5  6  7  8  9 |
---------------+----------------------------+-----
Stealth        | 2 3 4 5 6 7 8 |  8.0
Unarmed Combat | 3 4 5 7 8 |  8.1
Maces & Flails | 2 |  2.0
Fighting       | 4 |  4.9
Invocations    | 4 6 |  6.0
Throwing       | 2 |  2.0
Spellcasting   | 1 2 |  2.2
Dodging        | 4 |  4.2
Shields        | 4 |  4.3

Action                   |  1- 3 |  4- 6 |  7- 9 | 10-12 || total
-------------------------+-------+-------+-------+-------++-------
Melee: Unarmed           |    55 |       |       |       ||    55
       Constrict         |    18 |    20 |    35 |     1 ||    74
       Tentacles         |     6 |    12 |    38 |       ||    56
       Whip              |    23 |    94 |   198 |     4 ||   319
       Dagger            |     2 |       |       |       ||     2
       Punch             |     1 |     4 |     6 |       ||    11
Throw: Stone             |     3 |       |       |       ||     3
       Dart              |       |       |    34 |     4 ||    38
Invok: Depart the Abyss  |     1 |       |       |       ||     1
       Banish            |       |       |     3 |     1 ||     4
  Use: Scroll            |       |     3 |     3 |     1 ||     7
       Potion            |       |     4 |     4 |     1 ||     9
 Stab: Sleeping          |     4 |     9 |    11 |       ||    24
       Distracted        |     1 |       |       |       ||     1
Armor: Skin              |    10 |    26 |    10 |       ||    46
Dodge: Dodged            |    49 |    79 |   109 |    10 ||   247
Block: Buckler           |       |       |     6 |     1 ||     7
